 Dungeon Crawl Stone Soup version 0.30-a0-1016-gfb0d676c02 (webtiles) character file.

Game seed: 7744894278310024787

42 Pimp the Slasher (level 3, 0/29 HPs)
             Began as a Barachi Reaver on Apr 6, 2023.
             Slain by a gnoll
             ... wielding a +0 whip
              (8 damage)
             ... on level 2 of the Dungeon.
             The game lasted 00:01:41 (850 turns).

Pimp the Slasher (Barachi Reaver)                    Turns: 850, Time: 00:01:41

Health: 0/29       AC:  5    Str: 13    XL:     3   Next: 54%
Magic:  6/6        EV: 11    Int: 13    God:
Gold:   40         SH:  0    Dex: 12    Spells: 6/7 levels left

rFire   . . .      SeeInvis .    a - +0 falchion
rCold   . . .      Faith    .    (no shield)
rNeg    . . .      Spirit   .    f - +0 ring mail
rPois   .          Reflect  .    (no helmet)
rElec   .          Rampage  .    (no cloak)
rCorr   .                        (no gloves)
Will    .....                    (no boots)
Stlth   +                        (no amulet)
HPRegen 0.24/turn                (no ring)
MPRegen 0.10/turn                (no ring)

@: slow
A: amphibious, slowness 1, strong legs 1, +LOS
a: Hop


You were on level 2 of the Dungeon.
You visited 1 branch of the dungeon, and saw 2 of its levels.

You collected 40 gold pieces.

Inventory:

Hand Weapons
 a - a +0 falchion (weapon)
Armour
 b - a +0 leather armour
 f - a +0 ring mail (worn)
Jewellery
 h - a ring of willpower
Scrolls
 c - 2 scrolls of identify {unknown}
 d - a scroll of butterflies {unknown}
 k - a scroll of immolation
 l - a scroll of fear {unknown}
Potions
 e - a potion of attraction {unknown}
 g - a potion of mutation {unknown}
 i - a potion of heal wounds {unknown}
 j - a potion of degeneration {unknown}


   Skills:
 + Level 3.0 Fighting
 + Level 4.0 Long Blades
 + Level 2.7 Dodging
 + Level 2.6 Spellcasting
 + Level 3.6 Conjurations


You had 6 spell levels left.
You knew the following spells:

 Your Spells              Type           Power      Damage    Failure   Level
a - Kiss of Death         Conj/Necr      24%        2d7       26%         1

Your spell library contained the following spells:

 Spells                   Type           Power      Damage    Failure   Level
 Momentum Strike          Conj/Tloc      12%        3d8       36%         2
 Hailstorm                Conj/Ice       6%         3d4       58%         3


Dungeon Overview and Level Annotations

Branches:
Dungeon (2/15)

Altars:


Innate Abilities, Weirdness & Mutations

You are amphibious.
You cover ground slowly.
You can hop short distances.
You have an extended range of vision and can be seen from far away.


Message History

The gnoll is heavily wounded.
The bat hits you but does no damage. The gnoll closely misses you.
You hit the gnoll.
You kill the gnoll!
The bat closely misses you.
Your Fighting skill increases to level 3!
Your Long Blades skill increases to level 4!
The bat barely misses you.
Things that are here:
a +0 flail; a gnoll corpse You completely miss the bat.
The bat hits you but does no damage. x2
You hit the bat.
You kill the bat!
There is a stone staircase leading down, spattered with blood here.
Things that are here:
a +0 club; a gnoll corpse You start resting.
HP restored.
There is a stone staircase leading down, spattered with blood here.
You climb downwards.
The kobold hits you with a +0 club.
The gnoll hits you with a +0 whip. x2; The kobold closely misses you.
There is a stone staircase leading up, spattered with blood here.
You miss the kobold. The gnoll closely misses you.
The kobold barely misses you.
You hit the kobold.
You kill the kobold!
The gnoll closely misses you. The gnoll attacks as you move away!
The gnoll hits you with a +0 whip.
You see here a +0 club.
You hit the gnoll but do no damage. The gnoll hits you but does no damage.
You closely miss the gnoll. The gnoll closely misses you.
You closely miss the gnoll. The gnoll hits you with a +0 whip. x2
You hit the gnoll.
The gnoll is heavily wounded.
The gnoll hits you with a +0 whip.
* * * LOW HITPOINT WARNING * * *
You hit the gnoll.
The gnoll is severely wounded.
The gnoll hits you with a +0 whip!
You die...

#.............
#........!.#
#>.........#
#..........#
#.........##
#.........#
#.........#
#..g......#
#..@......#
#.........#
###########


You could see a gnoll.

Vanquished Creatures
  2 gnolls (D:1)
  A bat (D:1)
  2 endoplasms (D:1)
  2 giant cockroaches (D:1)
  A goblin (D:1)
  A hobgoblin (D:1)
  3 jackals (D:1)
  2 kobolds
  2 quokkas (D:1)
  A frilled lizard (D:1)
  3 rats (D:1)
20 creatures vanquished.

Notes
Turn   | Place    | Note
-------+----------+-------------------------------------------
     0 | D:1      | Pimp the Barachi Reaver began the quest for the Orb.
     0 | D:1      | Reached XP level 1. HP: 17/17 MP: 3/3
   191 | D:1      | Reached XP level 2. HP: 15/23 MP: 5/5
   491 | D:1      | Found a faded altar of an unknown god.
   756 | D:1      | Reached XP level 3. HP: 18/28 MP: 6/6
   768 | D:1      | Reached skill level 4 in Long Blades
   850 | D:2      | Slain by a gnoll

Illustrated notes

Levels and vault maps discovered:
D:1:      amcnicky_arrival_single_pillar, layout_loops_ring,
          hellmonk_ecumenical_altar_blasted
D:2:      layout_rooms

Skill      XL: |  1  2  3 |
---------------+----------+-----
Fighting       | 3 |  3.0
Long Blades    | 4 |  4.0
Dodging        | |  2.7
Spellcasting   | |  2.6
Conjurations   | |  3.6

Action                     || total
---------------------------++-------
  Melee: Falchion          ||    71
 Armour: Leather armour    ||     6
         Ring mail         ||    25
  Dodge: Dodged            ||    50

Table legend: (Time is in decaauts)
 A = Elapsed time spent in this place.
 B = Non-inter-level travel time spent in this place.
 C = Inter-level travel time spent in this place.
 D = Time resting spent in this place.
 E = Time spent auto-exploring this place.
 F = Levels seen in this place.
 G = Mean time per level.
                   A        B        C        D        E       F      G
               +--------+--------+--------+--------+--------+-----+--------+
         Total |    985 |    960 |     25 |     96 |    602 |   2 |  492.5 |
       Dungeon |    985 |    960 |     25 |     96 |    602 |   2 |  492.5 |
               +--------+--------+--------+--------+--------+-----+--------+

Top non-repeatable levels by time:
     D:1: 957 daAuts
     D:2: 27 daAuts
